 Dungeon Crawl Stone Soup version 0.21.0-24-g2553a33 (webtiles) character file.

365 tidbits the Sneak (level 6, -2/44 HPs)
             Began as a Gnoll Enchanter on Jan 20, 2018.
             Shot with an arrow by a centaur (7 damage)
             ... on level 5 of the Dungeon.
             The game lasted 00:08:59 (1160 turns).

tidbits the Sneak (Gnoll Enchanter)                 Turns: 1160, Time: 00:09:00

Health: -2/44      AC:  3    Str: 11    XL:     6   Next: 68%
Magic:  5/14       EV: 15    Int: 19    God:
Gold:   101        SH:  3    Dex: 15    Spells: 6/15 levels left

rFire    . . .     SeeInvis .   a - +1 dagger
rCold    . . .     Gourm    .   (no shield)
rNeg     . . .     Faith    .   B - +0 robe
rPois    .         Spirit   .   (no helmet)
rElec    .         Reflect  +   (no cloak)
rCorr    .         Harm     .   G - +0 pair of gloves
MR       .....                  (no boots)
Stlth    +++.......             e - +3 amulet of reflection
HPRegen  0.14/turn              (no ring)
MPRegen  0.14/turn              (no ring)

@: no status effects
A: distributed training, fangs 1, strong nose
a: no special abilities


You were on level 5 of the Dungeon.
You were not hungry.

You visited 1 branch of the dungeon, and saw 5 of its levels.
You also visited: Ossuary.

You collected 101 gold pieces.

Inventory:

Hand Weapons
 a - a +1 dagger (weapon)
Missiles
 k - 8 tomahawks (quivered)
 n - 42 arrows
Armour
 p - a +0 ring mail
 B - a +0 robe (worn)
 G - a +0 pair of gloves (worn)
Jewellery
 e - a +3 amulet of reflection (around neck)
   (You found it on level 1 of the Dungeon)
 l - an uncursed amulet of the gourmand
   (You found it on level 4 of the Dungeon)
Wands
 b - a wand of disintegration (10)
Scrolls
 h - a scroll of magic mapping
 i - a scroll of amnesia {unknown}
 j - 2 scrolls of remove curse {unknown}
 r - a scroll of enchant armour
 s - 2 scrolls of fear
 v - a scroll of teleportation
Potions
 g - a potion of haste
 m - a potion of resistance
 t - a potion of brilliance
 u - a potion of might
Books
 c - a book of Maledictions

   Spells                             Type                      Level
   a - Corona                         Hexes                        1
   b - Ensorcelled Hibernation        Hexes/Ice                    2
   c - Confuse                        Hexes                        3
   d - Tukima's Dance                 Hexes                        3
   e - Dazzling Spray                 Conjuration/Hexes            3
Comestibles
 d - a ration


   Skills:
 + Level 2.0 Fighting
 + Level 3.3 Short Blades
 + Level 2.0 Long Blades
 + Level 2.0 Axes
 + Level 2.0 Maces & Flails
 + Level 2.0 Polearms
 + Level 2.0 Staves
 + Level 2.0 Slings
 + Level 2.0 Bows
 + Level 2.0 Crossbows
 + Level 2.0 Throwing
 + Level 2.0 Armour
 + Level 5.0 Dodging
 + Level 6.3 Stealth
 + Level 2.0 Shields
 + Level 2.0 Unarmed Combat
 + Level 5.4 Spellcasting
 + Level 1.6 Conjurations
 + Level 5.7 Hexes
 + Level 1.6 Charms
 + Level 1.6 Summonings
 + Level 1.6 Necromancy
 + Level 1.6 Translocations
 + Level 1.6 Transmutations
 + Level 1.6 Fire Magic
 + Level 1.6 Ice Magic
 + Level 1.6 Air Magic
 + Level 1.6 Earth Magic
 + Level 1.6 Poison Magic
 + Level 2.2 Invocations
 + Level 2.0 Evocations


You had 6 spell levels left.
You knew the following spells:

 Your Spells              Type           Power        Failure   Level  Hunger
a - Corona                Hex            ####...      1%          1    None
c - Confuse               Hex            ####....     3%          3    ##.....
d - Dazzling Spray        Conj/Hex       ###...       8%          3    ##.....
e - Ensorcelled Hibernat  Hex/Ice        ###...       4%          2    None


Dungeon Overview and Level Annotations

Branches:
Dungeon (5/15)
 Temple: D:4-7

Altars:
Ashenzari
Dithmenos
Elyvilon
Fedhas
Qazlal
Zin

Annotations:
D:4 Sigmund


Innate Abilities, Weirdness & Mutations

Your experience applies equally to all skills.
You have very sharp teeth.
Your uncanny sense of smell can sniff out nearby items.


Message History

Found a stone staircase leading down.
The centaur shouts!
Found a long jewelled staff.
The centaur shoots an arrow.
The arrow completely misses you.
The centaur shoots an arrow.
The arrow hits you!
* * * LOW HITPOINT WARNING * * *
You see here an arrow.
The centaur shoots an arrow.
The arrow misses you.
You feel better.
The centaur shoots an arrow.
The arrow hits you.
* * * LOW HITPOINT WARNING * * *
Casting: Confuse
Confirm with . or Enter, or press ? or * to list all spells.
Aiming: Confuse
Press: ? - help, Shift-Dir - straight line, f - centaur
Aim: a centaur, wielding an enchanted shortbow (chance to defeat MR: 55%)
The centaur appears confused.
An orc comes into view. It is wielding a short sword.
You strike the helpless centaur from behind!
You impale the centaur!!
The centaur is almost dead.
The centaur wonders, "What am I doing in here?"
The orc moves out of view.
Casting: Confuse
Confirm with . or Enter, or press ? or * to list all spells.
Aiming: Confuse
Press: ? - help, Shift-Dir - straight line, f - worker ant, p - centaur
Aim: a worker ant (chance to defeat MR: 64%)
The worker ant appears confused.
You hit the centaur but do no damage.
The centaur is almost dead.
The centaur unwields an uncursed enchanted shortbow.
The centaur hits the worker ant.
You hit the centaur.
The centaur is almost dead.
The worker ant seems to be having trouble coordinating all six of its legs.
The centaur hits the worker ant.
You hit the centaur.
The centaur is almost dead.
The centaur completely misses itself.
You catch the helpless centaur completely off-guard!
You impale the centaur!!
You kill the centaur!
Your Fighting skill increases to level 2!
Your Long Blades skill increases to level 2!
Your Axes skill increases to level 2!
Your Maces & Flails skill increases to level 2!
Your Polearms skill increases to level 2!
Your Staves skill increases to level 2!
Your Slings skill increases to level 2!
Your Bows skill increases to level 2!
Your Crossbows skill increases to level 2!
Your Throwing skill increases to level 2!
Your Armour skill increases to level 2!
Your Dodging skill increases to level 5!
Your Shields skill increases to level 2!
Your Unarmed Combat skill increases to level 2!
Your Evocations skill increases to level 2!
The worker ant barely misses you.
You barely miss the worker ant.
The worker ant is moderately wounded.
The orc shouts!
You hit the worker ant but do no damage.
The worker ant is moderately wounded.
You hear a bark!
You see here an arrow.
You hit the worker ant but do no damage.
You bite the worker ant.
The worker ant is moderately wounded.
The worker ant closely misses you.
An orc comes into view. It is wielding a club.
You hit the worker ant but do no damage.
You bite the worker ant, but do no damage.
The worker ant is moderately wounded.
Unknown command.
The quokka skeleton completely misses you.
Things that are here:
an uncursed enchanted shortbow; 9 arrows; a centaur corpse A centaur comes into view.
Casting: Confuse
Confirm with . or Enter, or press ? or * to list all spells.
Aiming: Confuse
Press: ? - help, Shift-Dir - straight line, f - quokka skeleton
Aim: a quokka skeleton (chance to defeat MR: 71%)
The quokka skeleton struggles to resist.
The centaur shouts!
The quokka skeleton bites you.
* * * LOW HITPOINT WARNING * * *
Casting: Confuse
Confirm with . or Enter, or press ? or * to list all spells.
Aiming: Confuse
Press: ? - help, Shift-Dir - straight line, f/p - quokka skeleton
Aim: a quokka skeleton (chance to defeat MR: 71%)
The quokka skeleton appears confused.
The quokka skeleton barely misses you.
Casting: Confuse
Confirm with . or Enter, or press ? or * to list all spells.
Aiming: Confuse
Press: ? - help, Shift-Dir - straight line, f/p - quokka skeleton
Aim: a quokka skeleton (confused, chance to defeat MR: 71%)
Okay, then.
The centaur wields a shortbow.
The centaur shoots an arrow.
The arrow hits you!
You die...

###%............
..........#..... #......########
.....##....#....#
........#.##.##a# ........#
#..##S# ..#...... #o###Z#
####### ..|.....###a# #.####
##.....## .....o..##..###.@..#
##.......## #......!#o...#####c#
#.........#
#...o..()....#.......#<........#
##.>....(............#.........#
#............>......#.........#
#.######....#.................#
# #....#..#.+##.........##
.######....#..# .............#
...........(..#...#..........#


You could see a centaur, a worker ant, an adder and a quokka skeleton
(confused).

Vanquished Creatures
  A centaur (D:5)
  4 centaur zombies (Ossuary)
  2 human zombies (Ossuary)
  A hound (D:5)
  A worker ant (D:4)
  A mummy (Ossuary)
  A howler monkey skeleton (D:4)
  A shadow imp (D:5)
  A leopard gecko (D:1)
  5 giant cockroaches
  4 goblins
  2 hobgoblins
  2 ball pythons
  2 bats (D:1)
  3 frilled lizards
  4 kobolds
  4 rats
39 creatures vanquished.

Notes
Turn   | Place    | Note
-------+----------+-------------------------------------------
     0 | D:1      | tidbits the Gnoll Enchanter began the quest for the Orb.
     0 | D:1      | Reached XP level 1. HP: 13/13 MP: 6/6
   123 | D:1      | Reached XP level 2. HP: 17/19 MP: 7/7
   127 | D:1      | Learned a level 2 spell: Ensorcelled Hibernation
   661 | D:2      | Reached XP level 3. HP: 25/25 MP: 9/9
   694 | D:3      | Reached skill level 5 in Spellcasting
   718 | D:4      | Found a sand-covered staircase.
   728 | D:3      | Found a blossoming altar of Fedhas.
   743 | D:4      | Learned a level 3 spell: Confuse
   747 | D:4      | Learned a level 3 spell: Dazzling Spray
   750 | Ossuary  | Entered an ossuary
   768 | Ossuary  | Reached skill level 1 in Fighting
   768 | Ossuary  | Reached skill level 1 in Long Blades
   768 | Ossuary  | Reached skill level 1 in Axes
   768 | Ossuary  | Reached skill level 1 in Maces & Flails
   768 | Ossuary  | Reached skill level 1 in Polearms
   768 | Ossuary  | Reached skill level 1 in Staves
   768 | Ossuary  | Reached skill level 1 in Slings
   768 | Ossuary  | Reached skill level 1 in Bows
   768 | Ossuary  | Reached skill level 1 in Crossbows
   768 | Ossuary  | Reached skill level 1 in Throwing
   768 | Ossuary  | Reached skill level 1 in Armour
   768 | Ossuary  | Reached skill level 6 in Stealth
   768 | Ossuary  | Reached skill level 1 in Shields
   768 | Ossuary  | Reached skill level 1 in Unarmed Combat
   768 | Ossuary  | Reached skill level 1 in Invocations
   768 | Ossuary  | Reached skill level 1 in Evocations
   768 | Ossuary  | Reached XP level 4. HP: 32/32 MP: 3/11
   793 | Ossuary  | Reached skill level 1 in Conjurations
   793 | Ossuary  | Reached skill level 1 in Charms
   793 | Ossuary  | Reached skill level 1 in Summonings
   793 | Ossuary  | Reached skill level 1 in Necromancy
   793 | Ossuary  | Reached skill level 1 in Translocations
   793 | Ossuary  | Reached skill level 1 in Transmutations
   793 | Ossuary  | Reached skill level 1 in Fire Magic
   793 | Ossuary  | Reached skill level 1 in Ice Magic
   793 | Ossuary  | Reached skill level 1 in Air Magic
   793 | Ossuary  | Reached skill level 1 in Earth Magic
   793 | Ossuary  | Reached skill level 1 in Poison Magic
   806 | Ossuary  | Reached XP level 5. HP: 21/37 MP: 2/12
   903 | Ossuary  | Reached skill level 3 in Short Blades
   978 | D:4      | Reached XP level 6. HP: 27/44 MP: 3/13
  1017 | D:5      | Entered Level 5 of the Dungeon
  1024 | D:4      | Reached skill level 2 in Invocations
  1032 | D:4      | Found a shadowy altar of Dithmenos.
  1032 | D:4      | Found a stormy altar of Qazlal.
  1032 | D:4      | Found a white marble altar of Elyvilon.
  1033 | D:4      | Found a glowing silver altar of Zin.
  1041 | D:4      | Noticed Sigmund
  1101 | D:5      | Found a shattered altar of Ashenzari.
  1127 | D:5      | HP: 4/44 [centaur/arrow (14)]
  1136 | D:5      | Reached skill level 2 in Fighting
  1136 | D:5      | Reached skill level 2 in Long Blades
  1136 | D:5      | Reached skill level 2 in Axes
  1136 | D:5      | Reached skill level 2 in Maces & Flails
  1136 | D:5      | Reached skill level 2 in Polearms
  1136 | D:5      | Reached skill level 2 in Staves
  1136 | D:5      | Reached skill level 2 in Slings
  1136 | D:5      | Reached skill level 2 in Bows
  1136 | D:5      | Reached skill level 2 in Crossbows
  1136 | D:5      | Reached skill level 2 in Throwing
  1136 | D:5      | Reached skill level 2 in Armour
  1136 | D:5      | Reached skill level 5 in Dodging
  1136 | D:5      | Reached skill level 2 in Shields
  1136 | D:5      | Reached skill level 2 in Unarmed Combat
  1136 | D:5      | Reached skill level 2 in Evocations
  1158 | D:5      | HP: 4/44 [quokka skeleton (3)]
  1160 | D:5      | Shot with an arrow by a centaur

Skill      XL: |  1  2  3  4  5  6 |
---------------+-------------------+-----
Spellcasting   | 5 |  5.4
Fighting       | 1 2 |  2.0
Long Blades    | 1 2 |  2.0
Axes           | 1 2 |  2.0
Maces & Flails | 1 2 |  2.0
Polearms       | 1 2 |  2.0
Staves         | 1 2 |  2.0
Slings         | 1 2 |  2.0
Bows           | 1 2 |  2.0
Crossbows      | 1 2 |  2.0
Throwing       | 1 2 |  2.0
Armour         | 1 2 |  2.0
Stealth        | 6 |  6.3
Shields        | 1 2 |  2.0
Unarmed Combat | 1 2 |  2.0
Invocations    | 1 2 |  2.2
Evocations     | 1 2 |  2.0
Conjurations   | 1 |  1.6
Charms         | 1 |  1.6
Summonings     | 1 |  1.6
Necromancy     | 1 |  1.6
Translocations | 1 |  1.6
Transmutations | 1 |  1.6
Fire Magic     | 1 |  1.6
Ice Magic      | 1 |  1.6
Air Magic      | 1 |  1.6
Earth Magic    | 1 |  1.6
Poison Magic   | 1 |  1.6
Short Blades   | 3 |  3.3
Dodging        | 5 |  5.0
Hexes          | |  5.7

Action                   |  1- 3 |  4- 6 || total
-------------------------+-------+-------++-------
Melee: Dagger            |    48 |    77 ||   125
       Bite              |     1 |    13 ||    14
 Cast: Corona            |     3 |       ||     3
       Ensorcelled Hiber |     9 |     1 ||    10
       Confuse           |     2 |    13 ||    15
  Use: Scroll            |       |     8 ||     8
       Potion            |       |     4 ||     4
 Stab: Sleeping          |    19 |     4 ||    23
       Confused          |     2 |    14 ||    16
  Eat: Ration            |       |     1 ||     1
Armor: Robe              |     9 |     5 ||    14
Dodge: Dodged            |    24 |    23 ||    47
Block: Other             |     4 |     3 ||     7

Table legend:
 A = Turns spent in this place as a percentage of turns spent in the entire game.
 B = Non-inter-level travel turns spent in this place as a percentage of non-inter-level travel turns spent in the entire game.
 C = Inter-level travel turns spent in this place as a percentage of turns spent in this place.
 D = Turns resting spent in this place as a percentage of non-inter-level travel turns spent in this place.
 E = Turns spent auto-exploring this place as a percentage of non-inter-level travel turns spent in this place.
 F = Non-inter-level travel turns spent in this place divided by the number of levels of this place that you've seen.
                   A       B       C       D       E      F
               +-------+-------+-------+-------+-------+----------------------
         Total | 100.0 | 100.0 |   0.7 |   0.0 |   0.0 | 192.0
       Dungeon |  84.7 |  84.6 |   0.8 |   0.0 |   0.0 | 195.0
       Ossuary |  15.3 |  15.4 |   0.0 |   0.0 |   0.0 | 177.0
               +-------+-------+-------+-------+-------+----------------------

Table legend:
 A = Kills in this place as a percentage of kills in entire the game.
 B = Kills by you in this place as a percentage of kills by you in the entire game.
 C = Kills by friends in this place as a percentage of kills by friends in the entire game.
 D = Other kills in this place as a percentage of other kills in the entire game.
 E = Experience gained in this place as a percentage of experience gained in the entire game.
 F = Experience gained in this place divided by the number of levels of this place that you have seen.
                   A       B       C       D       E      F
               +-------+-------+-------+-------+-------+----------------------
         Total | 100.0 | 100.0 |   N/A |   N/A | 100.0 |  87.0
       Dungeon |  82.1 |  82.1 |   N/A |   N/A |  48.7 |  50.8
       Ossuary |  17.9 |  17.9 |   N/A |   N/A |  51.3 | 268.0
               +-------+-------+-------+-------+-------+----------------------

Vault maps used:
D:1:      minmay_arrival_checkered_box
D:2:      grunt_decor_mini_mirrors
D:3:      cheibrodos_old_hovel, old_standard_altar
D:4:      grunt_temple_overflow_open, nicolae_ossuary_entry_false_entrances,
          uniq_ijyb, uniq_edmund, uniq_natasha, uniq_sigmund, uniq_pikel,
          uniq_robin
D:5:      cheibrodos_helix_gallery, cheibrodos_worm_habitat, first_ration,
          evilmike_ruin_ashenzari
Ossuary:  ossuary_minmay_four_chambers
